slyhack, chaotic female human Rogue ------------ |<.......... |.....{....| ------ |........... | #@%...| --------|--- ..... ####|r...| # -- - # # ....| # ### ...| # # # ...| ### ## ### ---- # ### # # ### ## ### ### # # #### ### ------.-# ### # ## ####.......|# # # #### # # |......|# ## # # ---.-# -......|# --------|-----# ##-....# |.......# |............)# |...| -.------ |............| |...| -------------- ----- slyhack the Footpad Experience level: 2 Strength: 11 Dexterity: 18 Constitution: 15 Intelligence: 11 Wisdom: 9 Charisma: 11 Health: 0(14) Energy: 6(6) Def: 3 Gold: 0 Moves: 1830 Dungeon seed: 9oMqvqLbYMWCXH9o Game ID: slyhack_1476207963 Your Inventory: Amulets y - a cursed amulet of restful sleep Weapons a - an uncursed +0 short sword (weapon in hand) b - 8 uncursed +0 daggers (in quiver) x - an uncursed +3 quarterstaff Armor e - an uncursed +1 leather armor (being worn) n - an uncursed +0 orcish cloak (being worn) Comestibles l - 4 uncursed food rations z - an uncursed egg Potions K - an uncursed potion of extra healing Wands A - a blessed wand of make invisible (0:4) Tools k - an uncursed skeleton key B - an uncursed sack J - an uncursed lock pick Contents of the sack: 257 gold pieces a cursed amulet of strangulation an uncursed scroll of confuse monster an uncursed scroll of enchant weapon an uncursed scroll of identify an uncursed scroll of scare monster an uncursed scroll of teleportation an uncursed spellbook of detect unseen an uncursed spellbook of sleep a blessed potion of booze an uncursed potion of healing 2 uncursed potions of monster detection an uncursed potion of sickness an uncursed potion of water Spells and supernatural/magical abilities: Name Level Category Fail Memory W - pray for help -- divine ? -- Your skills at the end: Fighting Skills Weapon Skills dagger [Basic] short sword [Basic] Spellcasting Skills Final Attributes: You were piously aligned. You were stealthy. You are dead. Vanquished creatures: a little dog a werejackal an acid blob 2 coyotes a hobgoblin 3 giant rats a yellow mold a gnome zombie a gecko 6 jackals a fox 2 goblins 3 sewer rats 6 grid bugs 2 lichens a kobold zombie 2 newts 35 creatures vanquished. Voluntary challenges: You were an atheist. You used a wielded weapon 15 times, starting on turn 199. You read items or engraved 20 times, starting on turn 1510. You never genocided any monsters. You never polymorphed an object. You never changed form. You used no wishes. You never split a pudding. You wrote Elbereth's name 20 times, starting on turn 1510. You never violated your personal moral code. Dungeon overview: The Dungeons of Doom: levels 1 to 5 Level 1 a fountain a long staircase Level 2 some fountains stairs to The Gnomish Mines Level 3 Level 4 Level 5 <- You were here a fountain The Gnomish Mines: Level 3 stairs to The Dungeons of Doom History has recorded: On T:1 you entered the Dungeons of Doom to retrieve the Amulet of Yendor! On T:231 you reached level 2 of The Dungeons of Doom. On T:246 you reached level 3 of The Dungeons of Doom. On T:356 you reached level 1 of The Gnomish Mines. On T:600 you reached level 4 of The Dungeons of Doom. On T:986 you reached level 5 of The Dungeons of Doom. On T:990 you advanced to experience level 2. Score breakdown: Gold: 257 ( 8203 points) Experience: 2 levels ( 5570 points) Exploration: 5 levels ( 9.62%) ( 8401 points) Discoveries: 0 items ( 0.00%) ( 0 points) Valuables value: (no points given unless you survive) Artifact value: 0 ( 0 points) Variety of kills: 17 monsters ( 4.46%) ( 6336 points) Turncount: 1830 turns ( 0 points) Survival: died (score multiplied by 80%) Total score: 22808 Latest messages: You hear some noises. You stop. Archaea is in the way! You are carrying too much to get through. You hear some noises. (2x) The little dog is killed! This door is locked. That door is closed. (2x) You succeed in picking the lock. The door opens. You miss the giant rat. The giant rat bites! You miss the giant rat. The giant rat bites! You kill the giant rat! The giant rat bites! (2x) The wererat bites! The wererat changes into a human. You kill the giant rat! The wererat changes into a rat. The wererat hits! You die... Final status: Goodbye slyhack the Rogue, killed by a wererat... You died in The Dungeons of Doom on dungeon level 5 with 22808 points, and 257 pieces of gold, after 1830 moves. You were level 2 with a maximum of 14 hit points when you died.